 Dungeon Crawl Stone Soup version 0.22-a0-247-gbddf880 (webtiles) character file.

35 M4edhros the Grave Robber (level 3, -3/21 HPs)
             Began as an Octopode Necromancer on Feb 23, 2018.
             Slain by an ogre
             ... wielding a +0 giant spiked club
              (18 damage)
             ... on level 3 of the Dungeon.
             The game lasted 00:03:19 (614 turns).

M4edhros the Grave Robber (Octopode Necromancer)     Turns: 614, Time: 00:03:19

Health: -3/21      AC:  1    Str:  7    XL:     3   Next: 33%
Magic:  0/6        EV: 13    Int: 17    God:
Gold:   18         SH:  0    Dex: 13    Spells: 1/6 levels left

rFire    . . .     SeeInvis .     - Unarmed
rCold    . . .     Gourm    .   (no shield)
rNeg     . . .     Faith    .   (helmet restricted)
rPois    .         Spirit   .   (no amulet)
rElec    .         Reflect  .   (no ring)
rCorr    .         Harm     .   (no ring)
MR       .....                  (no ring)
Stlth    +++.......             (no ring)
HPRegen  0.07/turn              (no ring)
MPRegen  0.10/turn              (no ring)
                                (no ring)
                                (no ring)

@: hasted, very quick
A: almost no armour, stealthy swim, amphibious, 8 rings, constrict 8, camouflage
1, gelatinous body 1
a: no special abilities


You were on level 3 of the Dungeon.
You were not hungry.

You visited 1 branch of the dungeon, and saw 3 of its levels.

You collected 18 gold pieces.

Inventory:

Missiles
 g - 4 curare-tipped needles
Jewellery
 f - a +3 ring of strength {unknown}
Scrolls
 b - a scroll of noise {unknown}
 e - a scroll of identify {unknown}
Comestibles
 a - a ration
 c - 5 chunks of flesh


   Skills:
 - Level 2.0 Dodging
 - Level 2.6 Stealth
 + Level 2.9 Unarmed Combat
 - Level 2.0 Spellcasting
 - Level 4.0 Necromancy


You had one spell level left.
You knew the following spells:

 Your Spells              Type           Power        Failure   Level  Hunger
a - Pain                  Necr           ###.         3%          1    #......
b - Animate Skeleton      Necr           N/A          3%          1    #......
c - Regeneration          Chrm/Necr      #.........   26%         3    ###....


Dungeon Overview and Level Annotations

Branches:
Dungeon (3/15)

Altars:
Ru


Innate Abilities, Weirdness & Mutations

You cannot wear most types of armour.
You are very stealthy in the water. (Stealth+)
You are amphibious.
You can wear up to eight rings at the same time.
You can use your tentacles to constrict eight enemies at once.
Your skin changes colour to match your surroundings (Stealth+).
Your rubbery body absorbs attacks. (AC +1, EV +1)


Message History

Casting: Pain (safe; 3% risk of failure)
Confirm with . or Enter, or press ? or * to list all spells.
Aiming: Pain (safe; 3% risk of failure)
Press: ? - help, Shift-Dir - straight line, f/p - ogre
Aim: an ogre, wielding a giant spiked club (severely wounded, chance to defeat MR: 73%)
The ogre writhes in agony!
Your hobgoblin skeleton completely misses the ogre.
Your kobold skeleton hits the ogre but does no damage.
Casting: Pain (safe; 3% risk of failure)
Confirm with . or Enter, or press ? or * to list all spells.
Aiming: Pain (safe; 3% risk of failure)
Press: ? - help, Shift-Dir - straight line, f/p - ogre
Aim: an ogre, wielding a giant spiked club (severely wounded, chance to defeat MR: 73%)
The ogre struggles to resist.
You tentacle-slap the ogre but do no damage.
You squeeze the ogre!
The ogre is almost dead.
The ogre hits you with a giant spiked club!!
Ouch! That really hurt!
You die...

###
##.#
#@.#
#O.#
#ZZ#
#..####
#.....#
#.###.#
#.# #.#
#.###.#
#...#Z#


You could see an ogre, a friendly hobgoblin skeleton and a friendly kobold
skeleton.

Vanquished Creatures
  A dart slug (D:1)
  3 giant cockroaches
  6 hobgoblins
  4 jackals (D:2)
  4 kobolds
  4 bats
  5 rats
27 creatures vanquished.

Vanquished Creatures (collateral kills)
  A goblin (D:2)
  2 rats (D:1)
3 creatures vanquished.

Grand Total: 30 creatures vanquished

Notes
Turn   | Place    | Note
-------+----------+-------------------------------------------
     0 | D:1      | M4edhros the Octopode Necromancer began the quest for the Orb.
     0 | D:1      | Reached XP level 1. HP: 11/11 MP: 3/3
    55 | D:1      | Reached skill level 1 in Unarmed Combat
    88 | D:1      | Reached XP level 2. HP: 2/17 MP: 0/5
    95 | D:1      | Learned a level 1 spell: Animate Skeleton
   435 | D:2      | Reached XP level 3. HP: 20/21 MP: 1/6
   440 | D:2      | Learned a level 3 spell: Regeneration
   563 | D:3      | Found a sacrificial altar of Ru.
   576 | D:3      | Noticed an ogre
   614 | D:3      | Slain by an ogre

Vault maps used:
D:1:      dpeg_arrival_tiny_c, xom_teletrap_fun
D:3:      overflow_temple_1_default, first_ration, uniq_robin

Skill      XL: |  1  2 |
---------------+-------+-----
Unarmed Combat | 1 2 |  2.9
Dodging        | |  2.0
Stealth        | |  2.6
Spellcasting   | |  2.0
Necromancy     | |  4.0

Action                   || total
-------------------------++-------
Melee: Unarmed           ||    39
       Constrict         ||    13
       Tentacles         ||     7
 Cast: Pain              ||    37
       Animate Skeleton  ||    10
  Use: Potion            ||     2
 Stab: Sleeping          ||     3
       Distracted        ||     1
Armor: Skin              ||     7
Dodge: Dodged            ||    23

Table legend:
 A = Spawn XP
 B = Non-spawn XP
 C = Spawn XP percentage of total XP
 D = Spawn monster count
 E = Non-spawn monster count
 F = Spawn count percentage of total count
 G = Total turns spent on level
                    A         B        C        D         E        F      G
               +---------+---------+-------+---------+---------+-------+---------
         Total |       0 |      50 |   0.0 |       0 |      30 |   0.0 |   614
               +---------+---------+-------+---------+---------+-------+---------
           D:1 |       0 |      19 |   0.0 |       0 |      10 |   0.0 |   183
           D:2 |       0 |      25 |   0.0 |       0 |      16 |   0.0 |   338
           D:3 |       0 |       6 |   0.0 |       0 |       4 |   0.0 |    93
               +---------+---------+-------+---------+---------+-------+---------
